APP
ELIZABETHTON TWINS @ BLUEFIELD BLUE JAYS
05/30/2046
 
TOP OF THE 1ST
Elizabethton Twins batting - Pitching for Bluefield Blue Jays : LHP Mitchel Larson
Pitching: LHP Mitchel Larson
Batting: RHB Caleb Bockmann 0-0: Called Strike
0-1: Fly out, F9 (Flyball, 89M, EV 91.9 MPH)
Batting: RHB Nate Matson 0-0: Ball
1-0: Ball
2-0: Ball
3-0: Base on Balls
Batting: RHB Kevin Harris 0-0: SINGLE (Line Drive, 9S, EV 98.1 MPH)
Nate Matson to second
Batting: RHB Steve Terrell 0-0: SINGLE (Groundball, 56D, EV 106.9 MPH)
Nate Matson to third
Kevin Harris to second
Runner from 3rd tries for Home, SAFE, throw by LF to home
Batting: LHB Marshall Daul 0-0: Ball
1-0: Called Strike
1-1: Called Strike
1-2: Strikes out swinging
Batting: RHB David McClellan 0-0: Called Strike
0-1: Ball
1-1: Foul Ball, location: 2F
1-2: Ball
2-2: Ball
3-2: Foul Ball, location: 2F
3-2: Ground out 5-3 (Groundball, 15, EV 79.4 MPH)
Top of the 1st over - 1 run, 2 hits, 0 errors, 2 left on base; Elizabethton 1 - Bluefield 0
BOTTOM OF THE 1ST
Bluefield Blue Jays batting - Pitching for Elizabethton Twins : RHP Ruben Calderon
Pitching: RHP Ruben Calderon
Batting: RHB Braydon Pinsent 0-0: Ball
1-0: Foul Ball, location: 2F
1-1: Ball
2-1: SINGLE (Groundball, 56D, EV 96.9 MPH) (infield hit)
Batting: RHB Stephen Casteel 0-0: Ball
1-0: Foul Ball, location: 2F
1-1: Fly out, F9 (Flyball, 9, EV 95.6 MPH)
Batting: RHB John Hering 0-0: Ball
1-0: Ball
2-0: Ball
Braydon Pinsent steals 2nd base
3-0: Base on Balls
Batting: LHB Lothar Middelkoop 0-0: Fielders Choice at 2nd, 4-6 (Groundball, 4, EV 88.8 MPH)
Braydon Pinsent to third
Batting: LHB Kurt Estep 0-0: Ball
1-0: Ball
2-0: Ball
3-0: Called Strike
3-1: Fly out, F8 (Flyball, 8LXD, EV 91.9 MPH)
Bottom of the 1st over - 0 runs, 1 hit, 0 errors, 2 left on base; Elizabethton 1 - Bluefield 0
TOP OF THE 2ND
Elizabethton Twins batting - Pitching for Bluefield Blue Jays : LHP Mitchel Larson
Batting: RHB David McDonald 0-0: Ball
1-0: Called Strike
1-1: Ball
2-1: SINGLE (Line Drive, 8RS, EV 91.2 MPH)
Batting: LHB Hector Olvera 0-0: Ball
1-0: Swinging Strike
1-1: Swinging Strike
1-2: Fly out, F6 (Flyball, 56D, EV 88.8 MPH)
Batting: LHB Jon Ventura 0-0: Called Strike
0-1: Foul Ball, location: 2F
0-2: Strikes out swinging
Batting: RHB Caleb Bockmann 0-0: Swinging Strike
0-1: Ball
1-1: Ball
2-1: Ball
3-1: Swinging Strike
3-2: Foul Ball, location: 2F
3-2: Ground out 5-3 (Groundball, 56, EV 88.8 MPH)
Top of the 2nd over - 0 runs, 1 hit, 0 errors, 1 left on base; Elizabethton 1 - Bluefield 0
BOTTOM OF THE 2ND
Bluefield Blue Jays batting - Pitching for Elizabethton Twins : RHP Ruben Calderon
Batting: SHB Dominik Hasek II 0-0: Called Strike
0-1: Ball
1-1: Called Strike
1-2: Ball
2-2: Ball
3-2: Base on Balls
Batting: LHB Eric Toney 0-0: Ball
Dominik Hasek II is caught stealing 2nd base 2-6
1-0: Ball
2-0: Called Strike
2-1: Called Strike
2-2: Strikes out looking
Batting: RHB Carlos Bravo 0-0: Called Strike
0-1: Ball
1-1: Foul Ball, location: 2F
1-2: Fly out, F8 (Line Drive, 8RD, EV 106.9 MPH)
Bottom of the 2nd over - 0 runs, 0 hits, 0 errors, 0 left on base; Elizabethton 1 - Bluefield 0
TOP OF THE 3RD
Elizabethton Twins batting - Pitching for Bluefield Blue Jays : LHP Mitchel Larson
Batting: RHB Nate Matson 0-0: Ball
1-0: Ground out 6-3 (Groundball, 6S, EV 70.6 MPH)
Batting: RHB Kevin Harris 0-0: Called Strike
0-1: Ball
1-1: Ball
2-1: Foul Ball, location: 2F
2-2: Foul Ball, location: 2F
2-2: Ball
3-2: Foul Ball, location: 2F
3-2: Fly out, F9 (Flyball, 9LS, EV 88.1 MPH)
Batting: RHB Steve Terrell 0-0: Called Strike
0-1: Reached on error, E6 (Groundball, 6S, EV 64.4 MPH)
Batting: LHB Marshall Daul 0-0: Ball
1-0: Foul Ball, location: 2F
1-1: Ball
2-1: 2-RUN HOME RUN (Flyball, 9D, EV 96.2 MPH), Distance : 377 ft
Batting: RHB David McClellan 0-0: Ball
1-0: Ball
2-0: Swinging Strike
2-1: Ground out 6-3 (Groundball, 6, EV 88.1 MPH)
Top of the 3rd over - 2 runs, 1 hit, 1 error, 0 left on base; Elizabethton 3 - Bluefield 0
BOTTOM OF THE 3RD
Bluefield Blue Jays batting - Pitching for Elizabethton Twins : RHP Ruben Calderon
Batting: RHB Mike Johnson 0-0: Ground out 5-3 (Groundball, 5L, EV 103.8 MPH)
Batting: RHB Braydon Pinsent 0-0: Called Strike
0-1: Ball
1-1: Ball
2-1: Ball
3-1: Base on Balls
Batting: RHB Stephen Casteel 0-0: Fly out, F9 (Flyball, 89S, EV 74.4 MPH)
Batting: RHB John Hering 0-0: Swinging Strike
0-1: Foul Ball, location: 2F
0-2: Foul Ball, location: 2F
0-2: Ball
1-2: Ball
2-2: Ball
3-2: Foul Ball, location: 2F
3-2: Foul Ball, location: 2F
3-2: Foul Ball, location: 2F
3-2: DOUBLE (Line Drive, 89D, EV 106.9 MPH)
Braydon Pinsent to third
Braydon Pinsent scores
Batting: LHB Lothar Middelkoop 0-0: Ball
1-0: Called Strike
1-1: Foul Ball, location: 2F
1-2: Foul Ball, location: 2F
1-2: Foul Ball, location: 2F
1-2: Foul Ball, location: 2F
1-2: DOUBLE (Line Drive, 9LS, EV 96.2 MPH)
John Hering scores
Batting: LHB Kurt Estep 0-0: Swinging Strike
0-1: Ball
1-1: Ball
2-1: Fly out, F8 (Flyball, 89D, EV 89.4 MPH)
Bottom of the 3rd over - 2 runs, 2 hits, 0 errors, 1 left on base; Elizabethton 3 - Bluefield 2
TOP OF THE 4TH
Elizabethton Twins batting - Pitching for Bluefield Blue Jays : LHP Mitchel Larson
Batting: RHB David McDonald 0-0: Foul Ball, location: 2F
0-1: Ball
1-1: Called Strike
1-2: Foul Ball, location: 2F
1-2: Reached on error, E5 (Groundball, 15, EV 84.4 MPH)
Batting: LHB Hector Olvera 0-0: Called Strike
0-1: Called Strike
0-2: Ball
1-2: Ground out 5-3 (Groundball, 15, EV 85.6 MPH)
Batting: LHB Jon Ventura 0-0: Ball
1-0: Ground out 6-3 (Groundball, 6, EV 79.4 MPH)
David McDonald to third
Batting: RHB Caleb Bockmann 0-0: Ball
1-0: Ball
2-0: SINGLE (Groundball, 4MD, EV 99.4 MPH)
David McDonald scores
Batting: RHB Nate Matson 0-0: Called Strike
0-1: Ball
1-1: Swinging Strike
1-2: Ball
2-2: Strikes out swinging
Top of the 4th over - 1 run, 1 hit, 1 error, 1 left on base; Elizabethton 4 - Bluefield 2
BOTTOM OF THE 4TH
Bluefield Blue Jays batting - Pitching for Elizabethton Twins : RHP Ruben Calderon
Batting: SHB Dominik Hasek II 0-0: Ball
1-0: Ball
2-0: Called Strike
2-1: SINGLE (Groundball, 34D, EV 105.0 MPH)
Batting: LHB Eric Toney 0-0: Called Strike
Dominik Hasek II steals 2nd base
0-1: Swinging Strike
0-2: Ball
1-2: Ball
2-2: Fly out, F7 (Flyball, 7LS, EV 86.2 MPH)
Batting: RHB Carlos Bravo 0-0: Ball
1-0: SINGLE (Groundball, 56D, EV 99.4 MPH)
Dominik Hasek II to third
Batting: RHB Mike Johnson 0-0: Called Strike
0-1: Fly out, F7 (Flyball, 7LM, EV 82.5 MPH)
Runner from 3rd tags up, SCORES, throw by LF
Batting: RHB Braydon Pinsent 0-0: Ball
1-0: Called Strike
1-1: Called Strike
1-2: Ball
2-2: Ball
3-2: 2-RUN HOME RUN (Flyball, 7D, EV 98.1 MPH), Distance : 370 ft
Pitching: RHP Miguel Montelongo
Batting: RHB Stephen Casteel 0-0: SINGLE (Groundball, 6D, EV 94.4 MPH)
Batting: RHB John Hering 0-0: Called Strike
Stephen Casteel is caught stealing 2nd base 2-4
Bottom of the 4th over - 3 runs, 4 hits, 0 errors, 0 left on base; Elizabethton 4 - Bluefield 5
TOP OF THE 5TH
Elizabethton Twins batting - Pitching for Bluefield Blue Jays : LHP Mitchel Larson
Batting: RHB Kevin Harris 0-0: Foul Ball, location: 2F
0-1: Foul Ball, location: 2F
0-2: Ball
1-2: Ball
2-2: Strikes out swinging
Batting: RHB Steve Terrell 0-0: Ball
1-0: Swinging Strike
1-1: Called Strike
1-2: Foul Ball, location: 2F
1-2: Strikes out swinging
Batting: LHB Marshall Daul 0-0: Swinging Strike
0-1: Ball
1-1: Foul Ball, location: 2F
1-2: Strikes out swinging
Top of the 5th over - 0 runs, 0 hits, 0 errors, 0 left on base; Elizabethton 4 - Bluefield 5
BOTTOM OF THE 5TH
Bluefield Blue Jays batting - Pitching for Elizabethton Twins : RHP Miguel Montelongo
Batting: RHB John Hering 0-0: Called Strike
0-1: Ball
1-1: Ball
2-1: Ball
3-1: Foul Ball, location: 2F
3-2: SOLO HOME RUN (Flyball, 9D, EV 94.4 MPH), Distance : 382 ft
Batting: LHB Lothar Middelkoop 0-0: Ball
1-0: Ball
2-0: Called Strike
2-1: Called Strike
2-2: Fly out, F8 (Line Drive, 8RM, EV 97.5 MPH)
Batting: LHB Kurt Estep 0-0: Ground out U3 (Groundball, 34S, EV 90.0 MPH)
Batting: SHB Dominik Hasek II 0-0: Ground out 3-1 (Groundball, 34S, EV 85.6 MPH)
Bottom of the 5th over - 1 run, 1 hit, 0 errors, 0 left on base; Elizabethton 4 - Bluefield 6
TOP OF THE 6TH
Elizabethton Twins batting - Pitching for Bluefield Blue Jays : LHP Mitchel Larson
Batting: RHB David McClellan 0-0: Foul Ball, location: 2F
0-1: Foul Ball, location: 2F
0-2: Strikes out looking
Batting: RHB David McDonald 0-0: Fly out, F6 (Flyball, 6D, EV 90.0 MPH)
Batting: LHB Hector Olvera 0-0: Ball
1-0: Ball
2-0: Called Strike
2-1: Fly out, F7 (Flyball, 78M, EV 90.0 MPH)
Top of the 6th over - 0 runs, 0 hits, 0 errors, 0 left on base; Elizabethton 4 - Bluefield 6
BOTTOM OF THE 6TH
Bluefield Blue Jays batting - Pitching for Elizabethton Twins : RHP Miguel Montelongo
Batting: LHB Eric Toney 0-0: Called Strike
0-1: Hit by Pitch
Batting: RHB Carlos Bravo 0-0: Grounds into double play, 3-6-1 (Groundball, 3, EV 81.2 MPH)
Pitching: RHP Brian Waldrip
Batting: RHB Mike Johnson 0-0: Ball
1-0: Foul Ball, location: 2F
1-1: Ball
2-1: Foul Ball, location: 2F
2-2: Foul Ball, location: 2F
2-2: Ball
3-2: Strikes out looking
Bottom of the 6th over - 0 runs, 0 hits, 0 errors, 0 left on base; Elizabethton 4 - Bluefield 6
TOP OF THE 7TH
Elizabethton Twins batting - Pitching for Bluefield Blue Jays : LHP Mitchel Larson
Now at 2B: Victor Ayala
Now at SS: Stephen Casteel
Batting: LHB Jon Ventura 0-0: Ball
1-0: Called Strike
1-1: Ground out 6-3 (Groundball, 6, EV 93.1 MPH)
Pitching: LHP Mike Oakes
Batting: RHB Caleb Bockmann 0-0: Ball
1-0: Ground out 2-3 (Groundball, 13S, EV 64.4 MPH)
Batting: RHB Nate Matson 0-0: Ball
1-0: Called Strike
1-1: Ball
2-1: Ball
3-1: Base on Balls
Batting: RHB Kevin Harris 0-0: Ball
1-0: Ball
2-0: Called Strike
2-1: Swinging Strike
2-2: Strikes out swinging
Top of the 7th over - 0 runs, 0 hits, 0 errors, 1 left on base; Elizabethton 4 - Bluefield 6
BOTTOM OF THE 7TH
Bluefield Blue Jays batting - Pitching for Elizabethton Twins : RHP Brian Waldrip
Batting: RHB Braydon Pinsent 0-0: Ball
1-0: Ball
2-0: Called Strike
2-1: Ball
3-1: Foul Ball, location: 2F
3-2: DOUBLE (Line Drive, 7LS, EV 97.5 MPH)
Batting: RHB Stephen Casteel 0-0: Ball
1-0: Ball
2-0: DOUBLE (Line Drive, 78D, EV 108.8 MPH)
Braydon Pinsent scores
Batting: RHB John Hering 0-0: Ball
1-0: Called Strike
1-1: Ball
2-1: Ball
3-1: Foul Ball, location: 2F
3-2: Foul Ball, location: 2F
3-2: Base on Balls
Pitching: RHP Takeshi Kusanagi
Batting: RHB Victor Ayala 0-0: Ball
1-0: Grounds into double play, 6-4-3 (Groundball, 6, EV 87.5 MPH)
Stephen Casteel to third
Batting: LHB Kurt Estep 0-0: Ball
1-0: Ball
2-0: SINGLE (Groundball, 6D, EV 101.9 MPH)
Stephen Casteel scores
Batting: SHB Dominik Hasek II 0-0: Ball
Kurt Estep steals 2nd base
1-0: Ball
2-0: Swinging Strike
2-1: Swinging Strike
2-2: Strikes out swinging
Bottom of the 7th over - 2 runs, 3 hits, 0 errors, 1 left on base; Elizabethton 4 - Bluefield 8
TOP OF THE 8TH
Elizabethton Twins batting - Pitching for Bluefield Blue Jays : LHP Mike Oakes
Batting: RHB Steve Terrell 0-0: Called Strike
0-1: Ball
1-1: Ball
2-1: Ball
3-1: Base on Balls
Batting: LHB Marshall Daul 0-0: Ball
1-0: SINGLE (Flyball, 34D, EV 88.1 MPH)
Steve Terrell to second
Batting: RHB David McClellan 0-0: Grounds into double play, 5-4-3 (Groundball, 56, EV 87.5 MPH)
Steve Terrell to third
Batting: RHB David McDonald 0-0: Ball
1-0: Foul Ball, location: 2F
1-1: Foul Ball, location: 2F
1-2: Strikes out looking
Top of the 8th over - 0 runs, 1 hit, 0 errors, 1 left on base; Elizabethton 4 - Bluefield 8
BOTTOM OF THE 8TH
Bluefield Blue Jays batting - Pitching for Elizabethton Twins : RHP Takeshi Kusanagi
Batting: LHB Eric Toney 0-0: Ball
1-0: Foul Ball, location: 2F
1-1: Ball
2-1: Foul Ball, location: 2F
2-2: SINGLE (Line Drive, 7S, EV 91.2 MPH)
Batting: RHB Carlos Bravo 0-0: Ball
1-0: Bunt missed!
1-1: Bunted foul
1-2: SINGLE (Groundball, 4S, EV 63.8 MPH) (infield hit)
Eric Toney to second
Batting: RHB Mike Johnson 0-0: Ball
1-0: Ball
2-0: Sac Bunt to 3S - play at first, batter safe!
Eric Toney to third
Carlos Bravo to second
Batting: RHB Braydon Pinsent 0-0: Ball
1-0: Fly out, F7 (Flyball, 7D, EV 96.9 MPH)
Batting: RHB Stephen Casteel 0-0: Grounds into fielders choice 4-2 (Groundball, 4, EV 81.2 MPH)
Carlos Bravo to third
Mike Johnson to second
Batting: RHB John Hering 0-0: Called Strike
0-1: Ball
1-1: Ball
2-1: Foul Ball, location: 2F
2-2: SINGLE (Line Drive, 9S, EV 105.0 MPH)
Carlos Bravo scores
Mike Johnson to third
Stephen Casteel to second
Batting: RHB Victor Ayala 0-0: Called Strike
0-1: Ball
1-1: Ball
2-1: Ball
3-1: Base on Balls
Mike Johnson scores
Stephen Casteel to third
John Hering to second
Batting: LHB Kurt Estep 0-0: SINGLE (Groundball, 5S, EV 74.4 MPH) (infield hit)
Stephen Casteel scores
John Hering to third
Victor Ayala to second
Batting: SHB Dominik Hasek II 0-0: Ball
1-0: Called Strike
1-1: Foul Ball, location: 2F
1-2: DOUBLE (Line Drive, 7LM, EV 109.4 MPH)
John Hering scores
Victor Ayala scores
Kurt Estep to third
Runner from 3rd tries for Home, SAFE, throw by LF to home
Pitching: RHP Jason Stout
Batting: LHB Eric Toney 0-0: Ball
1-0: Called Strike
1-1: Fly out, F7 (Line Drive, 7, EV 95.6 MPH)
Bottom of the 8th over - 6 runs, 6 hits, 0 errors, 1 left on base; Elizabethton 4 - Bluefield 14
TOP OF THE 9TH
Elizabethton Twins batting - Pitching for Bluefield Blue Jays : LHP Mike Oakes
Pinch Hitting: LHB Bill Lorimer 0-0: Ball
1-0: Ball
2-0: Fly out, F9 (Flyball, 9LS, EV 94.4 MPH)
Pinch Hitting: RHB Tim Carter 0-0: Ball
1-0: Foul Ball, location: 2F
1-1: Ground out 6-3 (Groundball, 6, EV 94.4 MPH)
Batting: RHB Caleb Bockmann 0-0: Ball
1-0: Ball
2-0: Foul Ball, location: 2F
2-1: Ball
3-1: Ground out 6-3 (Groundball, 6, EV 103.1 MPH)
Top of the 9th over - 0 runs, 0 hits, 0 errors, 0 left on base; Elizabethton 4 - Bluefield 14
Tuesday, September 13th , 2022 - OOTP Baseball 23.7 Build 88